AoeStats
← Cirepro

Arabia

503387711Analyzed
1v1 RM · 1mo ago on Aug 31, 2026· 40m 9s· 2 players
Game mode
Random Map
Map size
Tiny (2 player)
Population
200
Speed
Normal
Resources
Standard
Victory
Conquest
Starting age
Dark Age
Ending age
Imperial Age
RankedLock teamsTeams togetherTeam positionsShared explorationLock speedFull tech treeHidden civsTurbo modeCheats
Victory
Defeat
🇪🇸 Gurjaras · Spain
1199
+17
Cirepro
7:51 Loom
10:06 Feudal Age
11:16 Double-Bit Axe
11:58 Town Watch
16:44 Forging
18:47 Wheelbarrow
19:21 Scale Barding Armor
26:32 Castle Age
24:44 Horse Collar
27:17 Husbandry
27:27 Bloodlines
27:39 Chain Barding Armor
27:55 Iron Casting
28:29 Bow Saw
29:38 Hand Cart
31:05 Elite Skirmisher
31:55 Gold Mining
34:11 Town Patrol
35:41 Gold Shaft Mining
35:53 Fletching
36:03 Padded Archer Armor
38:49 Bodkin Arrow
不要忘了我们曾经为何而战
6:37 Loom
9:10 Feudal Age
10:04 Double-Bit Axe
10:53 Horse Collar
21:44 Castle Age
19:36 Fletching
19:59 Gold Mining
21:04 Padded Archer Armor
22:40 Crossbowman
24:05 Bodkin Arrow
28:38 Heavy Plow
29:57 Bow Saw
32:26 Pikeman
33:33 Stone Mining
35:24 Scale Mail Armor
40:02 Thumb Ring
39:59 Squires
Connection lost

Rejoining the realm…

Still unreachable

The connection could not be restored.

Session expired

The server has moved on; the page needs a fresh start.